 Dungeon Crawl Stone Soup version 0.16-a0-4008-gc88e425 (webtiles) character file.

51 Charly the Digger (level 3, -2/21 HPs)
             Began as an Octopode Earth Elementalist on Feb 16, 2015.
             Slain by Natasha (3 damage)
             ... on level 3 of the Dungeon.
             The game lasted 00:10:06 (882 turns).

Charly the Digger (Octopode Earth Elementalist)      Turns: 882, Time: 00:10:07

Health: -2/21      AC:  1    Str:  7    XL:     3   Next: 81%
Magic:  2/6        EV: 18    Int: 18    God:
Gold:   72         SH:  0    Dex: 17    Spells: 2 memorised, 2 levels left

rFire  . . .     SeeInvis .     b - 66 stones
rCold  . . .     Clarity  .     (no shield)
rNeg   . . .     SustAb   .     (helmet restricted)
rPois  .         Gourm    .     (no amulet)
rElec  .         Spirit   .     j - ring of teleportation (curse)
rCorr  .         Warding  .     g - ring of wizardry
rMut   .         Rnd*Tele +     (no ring)
MR     .....                    (no ring)
Stlth  ++++......               (no ring)
                                (no ring)
                                (no ring)
                                (no ring)

@: agile, not resistant to hostile enchantments, stealthy
A: almost no armour, amphibious, 8 rings, constrict 8, camouflage 1, gelatinous
body 1
a: Evoke Teleportation


You were on level 3 of the Dungeon.
You were hungry.

You visited 1 branch of the dungeon, and saw 3 of its levels.

You collected 72 gold pieces.

Inventory:

Missiles
 b - 66 stones (in tentacle)
Jewellery
 g - a ring of wizardry (right tentacle)
 j - a cursed ring of teleportation (left tentacle)
Scrolls
 i - a scroll of noise {unknown}
 k - a scroll of magic mapping {unknown}
 l - a scroll of remove curse {unknown}
Potions
 c - 2 potions of agility
 e - a potion of curing {unknown}
 f - 2 potions of flight
 h - a potion of might {unknown}
 m - a potion of experience {unknown}
Books
 d - a book of Geomancy

   Spells                             Type                      Level
   a - Sandblast                      Earth                        1
   b - Stoneskin                      Transmutation/Earth          2
   c - Passwall                       Transmutation/Earth          3
   d - Stone Arrow                    Conjuration/Earth            3
   e - Petrify                        Transmutation/Earth          4
   f - Lee's Rapid Deconstruction     Earth                        5
Comestibles
 a - a bread ration


   Skills:
 - Level 2.1 Dodging
 - Level 2.6 Stealth
 - Level 2.0 Spellcasting
 - Level 1.0 Transmutations
 * Level 4.5 Earth Magic


You had 2 spell levels left.
You knew the following spells:

 Your Spells              Type           Power        Failure   Level  Hunger
b - Sandblast             Erth           ###...       1%          1    #......
P - Passwall              Trmt/Erth      ##........   9%          3    ###....


Dungeon Overview and Level Annotations

Branches:
Dungeon (3/15)

Altars:

Annotations:
D:3 Natasha


Innate Abilities, Weirdness & Mutations

You cannot wear most types of armour.
You are amphibious.
You can wear up to eight rings at the same time.
You can use your tentacles to constrict many enemies at once.
Your skin changes colour to match your surroundings (Stealth).
Your rubbery body absorbs attacks (AC +1).


Message History

The giant cockroach completely misses you.
You barely miss the giant cockroach. Your grab misses the giant cockroach.
The hobgoblin hits you. The giant cockroach misses you.
The shadow imp gestures at you. Pain shoots through your body!
Unknown command.
You barely miss the giant cockroach. You grab the giant cockroach.
You constrict the giant cockroach, but do no damage.
The giant cockroach bites you. The hobgoblin barely misses you.
The iron imp laughs crazily.
Natasha casts a spell at you. The magic dart hits you!
* * * LOW HITPOINT WARNING * * *
You tentacle-slap the giant cockroach. You squeeze the giant cockroach.
You kill the giant cockroach!
The hobgoblin closely misses you.
Wield which item (- for none, * to show all)? (? for menu, Esc to quit)
b - 66 stones (in tentacle)
The hobgoblin misses you. Natasha claws you.
You die...

#.........# #.........#
#.........##########
+...................
#####.........#####....#
#......55......# #....#
#..............# #.....
#......gh####### #[....
#....!..@# #.....
#......†.# #.....
........# #.....
........# ##....
........# #.... ###....#
##### #....# ######


You could see an iron imp, Natasha, a shadow imp and a hobgoblin.

Vanquished Creatures
  A giant mite (D:2)
  A worm (D:3)
  An orc (D:3)
  3 bats
  2 giant cockroaches (D:3)
  8 hobgoblins
  A ball python (D:1)
  2 goblins (D:1)
  3 jackals (D:1)
  7 kobolds
  6 rats
35 creatures vanquished.

Notes
Turn   | Place    | Note
--------------------------------------------------------------
     0 | D:1      | Charly, the Octopode Earth Elementalist, began the quest for the Orb.
     0 | D:1      | Reached XP level 1. HP: 11/11 MP: 3/3
    86 | D:1      | Reached XP level 2. HP: 13/17 MP: 0/4
   305 | D:2      | Reached skill level 4 in Earth Magic
   313 | D:1      | Reached XP level 3. HP: 16/21 MP: 0/6
   444 | D:2      | Learned a level 3 spell: Passwall
   829 | D:3      | Noticed Natasha
   852 | D:3      | Noticed an ice beast
   880 | D:3      | HP: 1/21 [Natasha/magic dart (6)]
   882 | D:3      | Slain by Natasha

Action                   || total
-------------------------++-------
Melee: Unarmed           ||    40
 Cast: Sandblast         ||    59
  Use: Scroll            ||     4
       Potion            ||     1
